 Dungeon Crawl Stone Soup version 0.25.1-2-g60ff931df9 (webtiles) character file.

Game seed: 7471228597082705336

394 H0rd4k the Insei (level 6, 0/38 HPs)
             Began as an Octopode Transmuter on Aug 26, 2020.
             Slain by a bat (1 damage)
             ... summoned by Eustachio
             ... on level 4 of the Dungeon.
             The game lasted 00:06:30 (5139 turns).

H0rd4k the Insei (Octopode Transmuter)              Turns: 5139, Time: 00:06:31

Health: 0/38       AC:  1    Str:  9    XL:     6   Next: 81%
Magic:  10/10      EV: 14    Int: 23    God:
Gold:   232        SH:  0    Dex: 13    Spells: 5/11 levels left

rFire    . . .     SeeInvis +     - Unarmed
rCold    . . .     Gourm    .   (no shield)
rNeg     . . .     Faith    .   (helmet restricted)
rPois    .         Spirit   .   (no amulet)
rElec    .         Reflect  .   j - ring of see invisible
rCorr    .         Harm     .   k - ring of flight
MR       .....                  v - +6 ring of intelligence
Stlth    +++.......             (no ring)
HPRegen  0.12/turn              (no ring)
MPRegen  0.12/turn              (no ring)
                                (no ring)
                                (no ring)

@: appendage
A: almost no armour, stealthy swim, amphibious, 8 rings, constrict 8, tentacle
spike 3, camouflage 1, gelatinous body 1
a: End Transformation, Evoke Flight


You were on level 4 of the Dungeon.
You were hungry.
One of your tentacles had a temporary spike.
You visited 1 branch of the dungeon, and saw 4 of its levels.
You also visited: Sewer.

You collected 232 gold pieces.

Inventory:

Missiles
 a - 36 arrows
 n - 8 curare-tipped darts (quivered)
Jewellery
 j - a ring of see invisible (left tentacle)
 k - a ring of flight (right tentacle)
 v - a +6 ring of intelligence (on tentacle)
Wands
 q - a wand of polymorph (3)
Scrolls
 b - a scroll of fear {unknown}
 d - 2 scrolls of enchant weapon {unknown}
 g - 4 scrolls of fog {unknown}
 h - 3 scrolls of teleportation
 i - 2 scrolls of remove curse {unknown}
 m - a scroll of identify
 o - 2 scrolls of enchant armour {unknown}
 t - a scroll of random uselessness {unknown}
 w - a scroll of noise {unknown}
Potions
 e - 3 potions of degeneration
 l - 3 potions of flight
 p - 2 potions of haste
 r - a potion of curing
 s - a potion of invisibility {unknown}
 u - a potion of berserk rage {unknown}
Comestibles
 c - 8 rations
 f - 3 chunks of flesh


   Skills:
 + Level 1.2 Fighting
 + Level 3.0 Dodging
 + Level 3.3 Stealth
 + Level 4.7 Unarmed Combat
 * Level 3.2 Spellcasting
 * Level 3.7 Transmutations


You had 5 spell levels left.
You knew the following spells:

 Your Spells              Type           Power        Failure   Level  Hunger
a - Beastly Appendage     Tmut           ###...       2%          1    None
b - Sticks to Snakes      Tmut           ###.....     3%          2    ##.....
c - Spider Form           Tmut/Pois      ##........   16%         3    ###....

Your spell library contained the following spells:

 Spells                   Type           Power        Failure   Level  Hunger
 Sting                    Tmut/Pois      ##..         5%          1    None
 Ice Form                 Ice/Tmut       ##......     45%         4    ####...
 Blade Hands              Tmut           ###.......   56%         5    ######.


Dungeon Overview and Level Annotations

Branches:
Dungeon (4/15)              Sewer (visited)
 Temple: D:4-7

Altars:
Okawaru
Ru
Sif Muna

Annotations:
D:3 exclusions: 2 downstairs and phantom
D:4 2 runed translucent doors, Eustachio, Robin


Innate Abilities, Weirdness & Mutations

You cannot wear most types of armour.
You are very stealthy in the water. (Stealth+)
You are amphibious.
You can wear up to eight rings at the same time.
You can use your tentacles to constrict eight enemies at once.
Your skin changes colour to match your surroundings (Stealth+).
Your rubbery body absorbs attacks. (AC +1, EV +1)
One of your tentacles bears a large vicious spike.


Message History

The bat hits you but does no damage. The ufetubus completely misses you. x2
The rat barely misses you. The ufetubus hits you.
* * * LOW HITPOINT WARNING * * *
The ufetubus hits you.
* * * LOW HITPOINT WARNING * * *
The quokka bites you.
* * * LOW HITPOINT WARNING * * *
It was a potion of curing.
You feel better. The bat closely misses you. The ufetubus hits you.
* * * LOW HITPOINT WARNING * * *
The ufetubus closely misses you. The rat bites you.
* * * LOW HITPOINT WARNING * * *
The ufetubus hits you.
* * * LOW HITPOINT WARNING * * *
The ufetubus closely misses you.
Eustachio mumbles some strange words.
Eustachio blinks!
The quokka barely misses you.
Unknown command.
The bat hits you but does no damage. The bat hits you.
You die...

#....#....#........ ..
#....#....'........ ...
#....#...##...#######...
#....##+###...###.......
#....+..........#>......
#....#..........+....#
'....###'#######.....#
#....#...#....##.##..#
#....#...#...##b@5## #
#....#...#...#..r.5#
#....##'##...#.8r8.#
#.........######5###
#.........# #...#
#......)..# #..@#
#.........# #≈≈≈#
########### #)>.# #####


You could see Eustachio, an iron imp (summoned), 2 ufetubi, a quokka (summoned),
a bat (summoned) and a rat (summoned).

Vanquished Creatures
  2 orc wizards (D:4)
  Ijyb (D:3)
  4 worker ants
  6 adders
  2 river rats (D:3)
  4 oozes
  An adder skeleton (D:4)
  5 worms
  A dart slug (D:2)
  4 leopard geckos
  2 orcs (D:3)
  14 bats
  11 giant cockroaches
  6 hobgoblins
  7 jackals
  12 kobolds
  2 quokkas
  3 ball pythons
  8 frilled lizards
  A giant cockroach zombie (D:2)
  8 goblins
  A jackal skeleton (D:4)
  13 rats
118 creatures vanquished.

Notes
Turn   | Place    | Note
-------+----------+-------------------------------------------
     0 | D:1      | H0rd4k the Octopode Transmuter began the quest for the Orb.
     0 | D:1      | Reached XP level 1. HP: 13/13 MP: 3/3
   268 | D:1      | Reached XP level 2. HP: 17/18 MP: 5/5
   825 | D:1      | Reached XP level 3. HP: 23/23 MP: 6/6
  1310 | D:1      | Learned a level 2 spell: Sticks to Snakes
  1314 | D:1      | Learned a level 3 spell: Spider Form
  1748 | D:2      | Reached skill level 1 in Stealth
  1750 | D:2      | Reached XP level 4. HP: 17/28 MP: 5/7
  1954 | D:2      | Found a sacrificial altar of Ru.
  2283 | D:3      | Found an iron altar of Okawaru.
  2330 | D:3      | Reached skill level 4 in Unarmed Combat
  2330 | D:3      | Reached XP level 5. HP: 23/33 MP: 8/8
  2382 | D:3      | Found a glowing drain.
  2389 | Sewer    | Entered a sewer
  3098 | D:3      | Noticed Ijyb
  3132 | D:3      | Killed Ijyb
  3132 | D:3      | Reached XP level 6. HP: 23/38 MP: 10/10
  3916 | D:4      | Noticed Robin
  3956 | D:4      | Noticed a phantom
  4800 | D:4      | Found a large runed translucent door.
  4800 | D:4      | Found a large runed translucent door.
  5025 | D:4      | Found a shimmering blue altar of Sif Muna.
  5054 | D:4      | Identified Sif Muna's Reference Book on Intoxication
  5068 | D:4      | Noticed Eustachio
  5137 | D:4      | HP: 1/38 [quokka[Eustachio] (4)]
  5139 | D:4      | Slain by a bat

Illustrated notes

Levels and vault maps discovered:
D:1:      minmay_arrival_plants_in_alcoves, layout_loops_ring
D:2:      layout_loops_cross, old_standard_altar
D:3:      layout_loops_cross, old_standard_altar, portal_sewer_entry_b,
          uniq_ijyb
D:4:      layout_gridville, led_sif_book, first_ration,
          minmay_hollow_rounded_squares, uniq_robin, uniq_eustachio

Skill      XL: |  1  2  3  4  5  6 |
---------------+-------------------+-----
Stealth        | 1 2 3 |  3.3
Unarmed Combat | 4 |  4.7
Transmutations | 3 |  3.7
Spellcasting   | 3 |  3.2
Dodging        | 3 |  3.0
Fighting       | |  1.2

Action                   |  1- 3 |  4- 6 || total
-------------------------+-------+-------++-------
Melee: Unarmed           |    92 |   260 ||   352
       Constrict         |    27 |    55 ||    82
       Tentacles         |    12 |    38 ||    50
       Kick              |     3 |    27 ||    30
       Punch             |     1 |     5 ||     6
 Cast: Beastly Appendage |     2 |    12 ||    14
  Use: Scroll            |       |     5 ||     5
       Potion            |       |     3 ||     3
 Stab: Sleeping          |     6 |    12 ||    18
  Eat: Chunk             |     3 |    10 ||    13
Armor: Skin              |     9 |    18 ||    27
Dodge: Dodged            |    60 |   173 ||   233
